 Dungeon Crawl Stone Soup version 0.32-a0-290-g598725c5f2 (webtiles) character file.

Game seed: 6988393352718484048

37 Dittersdorf the Covered (level 3, -1/24 HPs)
             Began as a Gargoyle Fighter on Feb 13, 2024.
             Frozen to death by an endoplasm (2 damage)
             ... on level 2 of the Dungeon.
             The game lasted 00:00:31 (585 turns).

Dittersdorf the Covered (Gargoyle Fighter)           Turns: 585, Time: 00:00:32

Health: -1/24      AC: 12    Str: 21    XL:     3   Next: 41%
Magic:  3/3        EV:  7    Int:  8    God:
Gold:   83         SH:  4    Dex:  9    Spells: 2/2 levels left

rFire   . . .        a - +0 flail
rCold   . . .        c - +0 buckler
rNeg    + . .        g - +0 chain mail
rPois   ∞            (no helmet)
rElec   +            (no cloak)
rCorr   .            (no gloves)
SInv    .            (no boots)
Will    .....        (no amulet) Stlth
                     (no ring)
HPRegen 0.24/turn    (no ring)
MPRegen 0.08/turn

%: no passive effects
@: no status effects
A: sickness immunity, AC +3, negative energy resistance 1, electricity
resistance, torment resistance 1, petrification resistance
a: no special abilities


You were on level 2 of the Dungeon.
You visited 1 branch of the dungeon, and saw 2 of its levels.

You collected 83 gold pieces.

Inventory:

Hand Weapons
 a - a +0 flail (weapon)
Armour
 c - a +0 buckler (worn)
 g - a +0 chain mail (worn)
Scrolls
 b - a scroll of brand weapon {unknown}
 e - a scroll of vulnerability {unknown}
 f - a scroll of revelation {unknown}
 h - a scroll of identify {unknown}
Potions
 d - a potion of might
 i - a potion of enlightenment {unknown}
 j - 2 potions of curing {unknown}


   Skills:
 + Level 3.7 Fighting
 + Level 2.5 Maces & Flails
 + Level 3.7 Armour
 + Level 3.7 Shields


You had 2 spell levels left.
You didn't know any spells.
Your spell library was empty.

Dungeon Overview and Level Annotations

Branches:
Dungeon (2/15)

Altars:


Innate Abilities, Weirdness & Mutations

You are immune to sickness and miasma.
Your stone body is resilient. (AC +3)
You are immune to poison.
You resist negative energy. (rN+)
You are resistant to electric shocks. (rElec)
You are resistant to unholy torment.
You are immune to petrification.


Message History

The ribbon worm bites you.
You hit the ribbon worm.
The ribbon worm is heavily wounded.
You block the endoplasm's attack.
The ribbon worm bites you but does no damage.
You barely miss the ribbon worm.
The ribbon worm is heavily wounded.
The endoplasm freezes you.
You are frozen.
The ribbon worm barely misses you. The endoplasm freezes you.
You are frozen.
You hit the ribbon worm.
The ribbon worm is heavily wounded.
The ribbon worm expels a string of sticky webbing.
The stream of webbing hits you but does no damage.
You are caught in a web!
The endoplasm freezes you.
You are frozen.
The web tears apart.
The endoplasm freezes you.
You are frozen.
The ribbon worm bites you but does no damage.
You thump the ribbon worm!
The ribbon worm is severely wounded.
The endoplasm freezes you.
You are frozen.
The ribbon worm bites you.
* * * LOW HITPOINT WARNING * * *
You hit the ribbon worm.
The ribbon worm is almost dead.
The endoplasm freezes you.
You are frozen.
* * * LOW HITPOINT WARNING * * *
The ribbon worm bites you.
* * * LOW HITPOINT WARNING * * *
The endoplasm hits you but does no damage.
You hit the ribbon worm.
You kill the ribbon worm!
The endoplasm freezes you.
You are frozen.
You die...

#.# #.# #.#
#.# ##.##
##...##
#.###.....#
#.........#
....##@....#
......†#J..##
##..........#
#.#.#.####.#
# #.#. ... #
#. .### .. ..


You could see an endoplasm.

Vanquished Creatures
  An adder (D:2)
  A ribbon worm (D:2)
  2 ball pythons
  An endoplasm (D:1)
  A goblin (D:1)
  2 hobgoblins
  2 kobolds (D:1)
  3 quokkas
  2 bats (D:1)
  A frilled lizard (D:1)
16 creatures vanquished.

Notes
Turn   | Place    | Note
-------+----------+-------------------------------------------
     0 | D:1      | Dittersdorf the Gargoyle Fighter began the quest for the
                  | Orb.
     0 | D:1      | Reached XP level 1. HP: 14/14 MP: 1/1
   104 | D:1      | Reached XP level 2. HP: 19/19 MP: 2/2
   463 | D:2      | Reached XP level 3. HP: 23/23 MP: 3/3
   584 | D:2      | HP: 1/24 [ribbon worm (3)]
   585 | D:2      | Frozen to death by an endoplasm

Illustrated notes

Levels and vault maps discovered:
D:1:      minmay_arrival_plants_in_alcoves, layout_rooms,
          minmay_misc_feat_encased, minmay_crystal_room
D:2:      layout_loops_ring

Action                     || total
---------------------------++-------
  Melee: Flail             ||    58
 Armour: Scale mail        ||     2
         Chain mail        ||    42
  Dodge: Dodged            ||    24
  Block: Buckler           ||    19

Table legend: (Time is in decaauts)
 A = Elapsed time spent in this place.
 B = Non-inter-level travel time spent in this place.
 C = Inter-level travel time spent in this place.
 D = Time resting spent in this place.
 E = Time spent auto-exploring this place.
 F = Levels seen in this place.
 G = Mean time per level.
                   A        B        C        D        E       F      G
               +--------+--------+--------+--------+--------+-----+--------+
         Total |    604 |    596 |      8 |      0 |    443 |   2 |  302.0 |
       Dungeon |    604 |    596 |      8 |      0 |    443 |   2 |  302.0 |
               +--------+--------+--------+--------+--------+-----+--------+

Top non-repeatable levels by time:
     D:1: 416 daAuts
     D:2: 187 daAuts
